 Dungeon Crawl Stone Soup version 0.13.0-65-g2bb7898 (webtiles) character file.

156 Chiseanne the Skirmisher (level 3, -1/24 HPs)
             Began as a Gargoyle Fighter on Nov 23, 2013.
             Slain by an orc
             ... wielding a +0,+0 orcish flail
              (6 damage)
             ... while paralysed by a potion of paralysis
             ... on Level 3 of the Dungeon.
             The game lasted 00:03:32 (1233 turns).

Chiseanne the Skirmisher (Gargoyle Fighter)         Turns: 1233, Time: 00:03:32

HP  -1/24        AC 10     Str 20      XL: 3   Next: 89%
MP   2/2         EV  2     Int  8      God:
Gold 103         SH  0     Dex  9      Spells:  0 memorised,  2 levels left

Res.Fire  : . . .   See Invis. : .   a - +0 hand axe {=f}
Res.Cold  : . . .   Warding    : .   b - +0 scale mail
Life Prot.: + . .   Conserve   : .   c - +0 shield
Res.Poison: +       Res.Corr.  : .   (no helmet)
Res.Elec. : +       Clarity    : .   (no cloak)
Sust.Abil.: . .     Spirit.Shd : .   (no gloves)
Res.Mut.  : .       Stasis     : .   (no boots)
Res.Rott. : +       Flight     : .   (no amulet)
Saprovore : . . .                    (no ring)
                                     (no ring)

@: paralysed, not resistant to hostile enchantments, extremely unstealthy
A: fangs 1, talons 2, life protection 1, electricity resistance, slow metabolism
1, unbreathing, petrification resistance, AC +3
a: no special abilities


You were on level 3 of the Dungeon.
You were not hungry.

You visited 1 branch of the dungeon, and saw 3 of its levels.

You collected 83 gold pieces.

Inventory:

Hand weapons
 a - a +0,+0 hand axe (weapon) {=f}
Missiles
 f - 3 javelins (quivered)
Armour
 b - a +0 scale mail (worn)
 c - a +0 shield (worn)
Comestibles
 d - a bread ration
 h - a choko
 n - a meat ration
Scrolls
 e - a scroll of amnesia {unknown}
 g - 2 scrolls of magic mapping {unknown}
 i - 2 scrolls of enchant weapon II {unknown}
 m - a scroll of random uselessness {unknown}
 p - a scroll of curse armour {unknown}
 q - 2 scrolls of fear {unknown}
Potions
 k - a potion of invisibility {unknown}
 l - a potion of resistance {unknown}
 o - a potion of curing {unknown}


   Skills:
 * Level 4.0 Fighting
 * Level 2.0 Axes
 * Level 3.5 Armour
 * Level 1.0 Dodging
 * Level 3.7 Shields


You had 2 spell levels left.
You didn't know any spells.

Dungeon Overview and Level Annotations

Branches:
Dungeon (3/27)

Altars:
Ashenzari


Innate Abilities, Weirdness & Mutations

You are resistant to torment.
You are immune to poison.
Your stone body is very resilient (AC +3).
You have very sharp teeth.
You have razor-sharp toenails.
You resist negative energy.
You are resistant to electric shocks.
You have a slow metabolism.
You can survive without breathing.
You are immune to petrification.


Message History

The kobold hits you but does no damage. The orc barely misses you.
You hit the kobold.
You kill the kobold!
You hit the orc.
You kill the orc!
You hit the orc.
The orc is severely wounded.
The orc priest invokes the aid of Beogh against you.
Something smites you!
Ouch! That really hurt!
* * * LOW HITPOINT WARNING * * *
The orc hits you but does no damage.
An orc comes into view. It is wielding an orcish short sword.
Drink which item? (? for menu, Esc to quit)
You suddenly lose the ability to move!
It was a potion of paralysis.
The orc shouts!
The orc priest calls upon Beogh to heal the orc.
The orc is healed somewhat.
The orc completely misses you. The orc hits you with an orcish flail.
You die...

... ... ..# ..#
#.# # ##o#
#.#..#
#o#oo#######
#..)@......#
###%)......#
#........#
#..##########
#...........#
##..#........#
.....#........#
#.##...........#
# #............#


You could see an orc priest and 3 orcs.

Vanquished Creatures
  An adder (D:2)
  A gnoll (D:1)
  An orc (D:3)
  5 bats
  6 goblins
  5 hobgoblins
  5 kobolds
  A quokka (D:2)
  2 giant cockroaches (D:1)
  2 giant newts (D:2)
  2 jackals (D:3)
  2 rats
  3 toadstools (D:1)
36 creatures vanquished.

Vanquished Creatures (others)
  A toadstool (D:1)
1 creature vanquished.

Grand Total: 37 creatures vanquished

Notes
Turn   | Place    | Note
--------------------------------------------------------------
     0 | D:1      | Chiseanne, the Gargoyle Fighter, began the quest for the Orb.
     0 | D:1      | Reached XP level 1. HP: 14/14 MP: 0/0
    26 | D:1      | Reached XP level 2. HP: 5/19 MP: 1/1
   426 | D:1      | Reached XP level 3. HP: 24/24 MP: 2/2
   675 | D:2      | Found a shattered altar of Ashenzari.
  1163 | D:3      | Reached skill level 4 in Fighting
  1222 | D:3      | Reached skill level 1 in Dodging
  1233 | D:3      | Paralysed by a potion of paralysis for 4 turns
  1233 | D:3      | Slain by an orc

Action                   || total
-------------------------++-------
Melee: Hand axe          ||    92
  Use: Potion            ||     1
